 Dungeon Crawl Stone Soup version 0.28-a0-655-g4eb62b627b (webtiles) character file.

Game seed: 1478947444266847203

2629 KoroneIsBestGirl the Frost Mage (level 9, 0/57 HPs)
             Began as a Barachi Ice Elementalist on Oct 13, 2021.
             Was an Initiate of Gozag.
             Slain by a two-headed ogre (30 damage)
             ... on level 8 of the Dungeon.
             The game lasted 00:12:38 (10048 turns).

KoroneIsBestGirl the Frost Mage (BaIE)             Turns: 10048, Time: 00:12:42

Health: 0/57       AC:  7    Str: 10    XL:     9   Next: 61%
Magic:  16/20      EV: 15    Int: 18    God:    Gozag
Gold:   471        SH:  0    Dex: 13    Spells: 18/22 levels left

rFire   . . .      SeeInvis .   b - +0 whip (distort)
rCold   + . .      Faith    .   (no shield)
rNeg    . . .      Spirit   .   E - +0 steam dragon scales
rPois   .          Reflect  .   r - +0 helmet
rElec   .          Harm     .   i - +0 cloak
rCorr   .          Rampage  .   (no gloves)
Will    .....                   (no boots)
Stlth   ++........              (no amulet)
HPRegen 0.19/turn               l - ring of protection from cold
MPRegen 0.17/turn               (no ring)

@: freezing walls, slow
A: amphibious, slowness 1, strong legs 1, +LOS
a: Hop, Renounce Religion, Potion Petition, Call Merchant, Bribe Branch


You were on level 8 of the Dungeon.
You worshipped Gozag.
Gozag was aware of your devotion.
You visited 2 branches of the dungeon, and saw 9 of its levels.

You collected 520 gold pieces.
You paid 49 gold pieces to Gozag.

Inventory:

Hand Weapons
 b - a +0 whip of distortion (weapon)
Armour
 a - a +0 robe
 i - a +0 cloak (worn)
 r - a +0 helmet (worn)
 E - +0 steam dragon scales (worn)
Magical Staves
 q - a staff of earth
Jewellery
 l - a ring of protection from cold (left hand)
 C - an amulet of the acrobat
Wands
 B - a wand of flame (20)
 D - a wand of charming (7)
 F - a wand of digging (4)
Scrolls
 c - a scroll of brand weapon
 d - 4 scrolls of immolation
 f - a scroll of summoning
 g - 2 scrolls of teleportation
 h - 2 scrolls of magic mapping {unknown}
 k - 2 scrolls of vulnerability {unknown}
 t - 4 scrolls of enchant weapon
 u - 2 scrolls of noise {unknown}
 w - a scroll of blinking {unknown}
 y - 2 scrolls of enchant armour {unknown}
Potions
 e - a potion of heal wounds
 j - a potion of ambrosia {unknown}
 m - 4 potions of curing
 n - 3 potions of flight {unknown}
 o - 2 potions of lignification {unknown}
 p - 2 potions of brilliance
 s - a potion of haste {unknown}
 v - 2 potions of might {unknown}
 x - a potion of mutation {unknown}
 z - a potion of degeneration {unknown}
 A - a potion of invisibility {unknown}


   Skills:
 - Level 4.0 Maces & Flails
 + Level 8.0 Dodging
 - Level 1.7 Stealth
 + Level 7.3 Spellcasting
 + Level 9.8 Ice Magic


You had 18 spell levels left.
You knew the following spells:

 Your Spells              Type           Power      Damage    Failure   Level
a - Freeze                Ice            100%       1d11      1%          1
b - Frozen Ramparts       Ice            84%        1d10      1%          3

Your spell library contained the following spells:

 Spells                   Type           Power      Damage    Failure   Level
 Ozocubu's Armour         Ice            42%        N/A       1%          3
 Beastly Appendage        Tmut           12%        N/A       11%         1
 Hailstorm                Conj/Ice       24%        3d7       14%         4
 Corpse Rot               Necr/Air       N/A        N/A       16%         2
 Poisonous Vapours        Pois/Air       12%        N/A       16%         2
 Static Discharge         Conj/Air       6%         N/A       16%         2
 Wereblood                Tmut           6%         N/A       16%         2
 Gell's Gravitas          Tloc           3%         N/A       30%         3
 Lesser Beckoning         Tloc           6%         N/A       30%         3
 Spider Form              Tmut/Pois      3%         N/A       30%         3
 Teleport Other           Tloc           6%         N/A       30%         3
 Dispel Undead            Necr           6%         3d8       71%         4
 Sticky Flame             Conj/Fire      6%         2d3       71%         4


Dungeon Overview and Level Annotations

Branches:
Dungeon (8/15)             Temple (1/1) D:5
   Lair: D:8-11

Altars:
Ashenzari
Cheibriados
Dithmenos
Fedhas
Gozag
Hepliaklqana
Kikubaaqudgha
Makhleb
Nemelex Xobeh
Okawaru
Qazlal
Ru
Trog
Uskayaw
Vehumet
Wu Jian
Xom
Yredelemnul
Zin
The Shining One

Shops:
D:4 [


Innate Abilities, Weirdness & Mutations

You are amphibious.
You cover ground slowly.
You can hop short distances.
You have an extended range of vision and can be seen from far away.


Message History

You now have 471 gold pieces (gained 4).
You see here a +0 rapier.
There is an open door here.
Found a sacrificial altar of Ru and a glowing golden altar of the Shining One.
Found a faded altar of an unknown god.
Found an ornate altar of the Wu Jian Council.
Found a shimmering altar of Xom.
There is an open door here.
There is an escape hatch in the floor here.
Done exploring.
Done exploring.
You slide downwards.
The hatch slams shut behind you.
You open the door.
There is an open door here.
Found a stone staircase leading down.
An orc warrior comes into view. It is wielding a +0 mace.
Found 11 gold pieces.
An orc warrior is nearby!
A two-headed ogre comes into view.
It is wielding a +0 giant club and a +0 giant spiked club.
The two-headed ogre shouts in stereo!
The orc warrior shouts!
You hear a shout!
You hit the two-headed ogre.
Space bends around the two-headed ogre.
The two-headed ogre is lightly wounded.
An orc wizard comes into view. It is wielding a +0 dagger.
The two-headed ogre hits you with a +0 giant club!
The two-headed ogre closely misses you.
Casting: Freeze (safe; 1% risk of failure)
Confirm with . or Enter, or press ? or * to list all spells.
Casting: Frozen Ramparts (safe; 1% risk of failure)
Press: ? - help, Dir - look around, f - activate The walls around you are covered in ice.
An orc comes into view. It is wielding a +0 club.
You freeze the two-headed ogre.
The two-headed ogre is moderately wounded.
The orc shouts!
The wall freezes the two-headed ogre.
The two-headed ogre hits you with a +0 giant club!!
The two-headed ogre hits you with a +0 giant spiked club!!
Ouch! That really hurt!
You die...
Your body crumbles into a pile of gold.

.# ... .. .# ....
.. .###...# ..
....... #. ./...#
#. .....# #.#
.....#
#.##.....###
##>.@O$o..'oo
#...#.....###
#...#########
#............
#...#####...#
#...#####
######......#
#..###........##.#
..............# $


You could see a two-headed ogre, an orc warrior, an orc wizard and an orc.

Vanquished Creatures
  Maggie (D:7)
  Prince Ribbit (D:7)
  Sigmund (D:2)
  A vampire mosquito (D:5)
  An acid dragon (D:7)
  A water moccasin (D:6)
  2 black bears
  2 necrophages
  A scorpion (D:5)
  A water moccasin skeleton (D:5)
  3 wights (D:5)
  A howler monkey (D:4)
  A crimson imp (D:4)
  A bullfrog zombie (D:7)
  2 jellies
  3 orc priests (D:7)
  2 centaur skeletons
  5 hounds
  A gnoll shaman (D:4)
  Jessica (D:2)
  Natasha (thrice) (D:3)
  4 orc wizards
  2 hound skeletons (D:4)
  A howler monkey zombie (D:7)
  Robin (D:2)
  7 gnolls
  7 adders
  A white imp (D:4)
  2 worms (D:2)
  3 dart slugs
  19 orcs
  4 endoplasms
  2 giant cockroaches (D:2)
  12 goblins
  6 hobgoblins
  2 jackals (D:3)
  5 quokkas
  5 ball pythons
  4 bats
  A frilled lizard (D:2)
  6 kobolds
  3 rats (D:2)
132 creatures vanquished.

Vanquished Creatures (others)
  2 fungi (D:8)
  7 plants
9 creatures vanquished.

Grand Total: 141 creatures vanquished

Notes
Turn   | Place    | Note
-------+----------+-------------------------------------------
     0 | D:1      | KoroneIsBestGirl the Barachi Ice Elementalist began the
                  | quest for the Orb.
     0 | D:1      | Reached XP level 1. HP: 13/13 MP: 3/3
    38 | D:1      | Reached skill level 5 in Ice Magic
   324 | D:1      | Reached XP level 2. HP: 15/19 MP: 5/5
   685 | D:1      | You fall into a shaft and drop 1 floor!
   710 | D:2      | Noticed Sigmund
  1007 | D:1      | Reached XP level 3. HP: 15/24 MP: 2/7
  1125 | D:1      | Learned a level 3 spell: Frozen Ramparts
  1471 | D:2      | Noticed Jessica
  1477 | D:2      | Killed Jessica
  1554 | D:2      | Reached XP level 4. HP: 15/30 MP: 3/8
  2142 | D:3      | Noticed Natasha
  2145 | D:3      | Found a hide-covered altar of Uskayaw.
  2147 | D:3      | Killed Natasha
  2148 | D:3      | Reached skill level 1 in Maces & Flails
  2148 | D:3      | Reached XP level 5. HP: 35/35 MP: 5/10
  2203 | D:3      | Reached skill level 6 in Ice Magic
  2446 | D:3      | Noticed Natasha
  2456 | D:3      | Killed Natasha
  2507 | D:3      | Noticed Natasha
  2515 | D:3      | Killed Natasha
  2616 | D:3      | Found a faded altar of an unknown god.
  2789 | D:2      | Reached XP level 6. HP: 26/41 MP: 8/11
  2812 | D:2      | Killed Sigmund
  2926 | D:2      | Noticed Robin
  2953 | D:2      | Killed Robin
  3360 | D:4      | Noticed a black bear
  3368 | D:4      | Killed a black bear
  3369 | D:4      | Reached XP level 7. HP: 40/46 MP: 5/13
  3444 | D:4      | Found Falua's Antique Armour Shoppe.
  3662 | D:4      | Reached skill level 7 in Ice Magic
  3818 | D:4      | Found an iron altar of Okawaru.
  3873 | D:4      | Found a bloodstained altar of Trog.
  3896 | D:4      | Reached skill level 5 in Dodging
  4082 | D:4      | Found a burning altar of Makhleb.
  4524 | D:4      | Reached XP level 8. HP: 52/52 MP: 15/15
  4828 | D:5      | Entered Level 5 of the Dungeon
  4842 | D:5      | Reached skill level 5 in Spellcasting
  4890 | D:5      | Found a staircase to the Ecumenical Temple.
  4917 | Temple   | Entered the Ecumenical Temple
  4986 | Temple   | Became a worshipper of Gozag Ym Sagoz the Greedy
  5644 | D:5      | Reached skill level 8 in Ice Magic
  7906 | D:6      | Found a sparkling altar of Nemelex Xobeh.
  8042 | D:5      | HP: 2/48 [vampire mosquito (7)]
  8045 | D:5      | Reached XP level 9. HP: 27/57 MP: 12/18
  8546 | D:7      | Reached skill level 9 in Ice Magic
  8949 | D:7      | Noticed Prince Ribbit
  8982 | D:7      | Killed Prince Ribbit
  9300 | D:7      | Noticed Maggie
  9314 | D:7      | Killed Maggie
  9943 | D:7      | Found a sacrificial altar of Ru.
  9943 | D:7      | Found a glowing golden altar of the Shining One.
  9950 | D:7      | Found a faded altar of an unknown god.
  9952 | D:7      | Found an ornate altar of the Wu Jian Council.
  9954 | D:7      | Found a shimmering altar of Xom.
 10045 | D:8      | Noticed a two-headed ogre
 10048 | D:8      | Slain by a two-headed ogre

Illustrated notes

Levels and vault maps discovered:
D:1:      dpeg_arrival_rhombus, layout_loops_cross,
          chequers_serial_rivers_small_b, dk_noncrumbling_2
D:2:      layout_rooms, corexii_shack, uniq_sigmund, uniq_jessica, uniq_robin
D:3:      layout_basic, eat_drink_and_be_merry_uskayaw,
          shapermc_ecumenical_altar_acropolis, minivault_26, uniq_natasha
D:4:      layout_cave_pools, mainiacjoe_overflow_chevrons,
          makhleb_blood_cavern_becter, nicolae_overflow_hidden_temple,
          serial_shops, nicolae_shop_statue_plus, minmay_crystal_room,
          minmay_fire_ice_demons
D:5:      layout_basic, minmay_temple_entry_poolview, kennysheep_generic_room_10
D:6:      layout_basic, mainiacjoe_overflow_alcove_2, enter_ossuary_5,
          grunt_ministairs_10
D:7:      layout_loops_ring, chequers_temple_overflow_minitemple,
          nrook_mini_vaults, uniq_maggie, uniq_prince_ribbit1
D:8:      minmay_blocky_corners, layout_basic, mainiacjoe_overflow_brackets,
          due_lair_maze_entry_diamond, interstate_on_off, uniq_maurice,
          uniq_harold, uniq_erica
Temple:   jpeg_temple_clearing

Skill      XL: |  1  2  3  4  5  6  7  8  9 |
---------------+----------------------------+-----
Ice Magic      | 5 6 7 8 9 |  9.8
Dodging        | 3 4 5 6 8 |  8.0
Spellcasting   | 3 4 6 7 |  7.3
Maces & Flails | 1 3 4 |  4.0
Stealth        | |  1.7

Action                   |  1- 3 |  4- 6 |  7- 9 || total
-------------------------+-------+-------+-------++-------
Melee: Whip              |    29 |    12 |   155 ||   196
       Unarmed           |     3 |       |       ||     3
 Cast: Freeze            |    23 |    55 |    72 ||   150
       Frozen Ramparts   |       |     4 |    23 ||    27
 Abil: Hop               |     1 |     1 |     2 ||     4
  Use: Potion            |       |     5 |     2 ||     7
       Scroll            |       |       |     5 ||     5
 Stab: Sleeping          |     1 |       |     2 ||     3
       Distracted        |       |       |     2 ||     2
Armor: Robe              |    10 |    17 |    37 ||    64
       Steam dragon scal |       |       |     4 ||     4
Dodge: Dodged            |    37 |    56 |   129 ||   222

Table legend: (Time is in decaauts)
 A = Elapsed time spent in this place.
 B = Non-inter-level travel time spent in this place.
 C = Inter-level travel time spent in this place.
 D = Time resting spent in this place.
 E = Time spent auto-exploring this place.
 F = Levels seen in this place.
 G = Mean time per level.
                   A        B        C        D        E       F      G
               +--------+--------+--------+--------+--------+-----+--------+
         Total |  10819 |  10614 |    205 |   1527 |   7750 |   9 | 1202.1 |
       Dungeon |  10712 |  10534 |    178 |   1527 |   7686 |   8 | 1339.0 |
        Temple |    107 |     80 |     27 |      0 |     63 |   1 |  107.0 |
               +--------+--------+--------+--------+--------+-----+--------+

Top non-repeatable levels by time:
     D:5: 2779 daAuts
     D:4: 2163 daAuts
     D:7: 1668 daAuts
     D:1: 1541 daAuts
     D:3: 1107 daAuts
     D:2: 990 daAuts
     D:6: 439 daAuts
  Temple: 107 daAuts
     D:8: 22 daAuts
